 Dungeon Crawl Stone Soup version 0.27-a0-1312-g5cdb2b3542 (webtiles) character file.

Game seed: 3702142047257196998

352 Zonian the Conjurer (level 6, 0/34 HPs)
             Began as a Tengu Conjurer on June 20, 2021.
             Slain by Eustachio (7 damage)
             ... on level 4 of the Dungeon.
             The game lasted 00:05:36 (4849 turns).

Zonian the Conjurer (Tengu Conjurer)                Turns: 4849, Time: 00:05:36

Health: 0/34       AC:  2    Str:  8    XL:     6   Next: 61%
Magic:  7/12       EV: 15    Int: 20    God:
Gold:   115        SH:  0    Dex: 12    Spells: 5/12 levels left

rFire    . . .     SeeInvis .   f - +0 dagger (venom)
rCold    . . .     Faith    .   (no shield)
rNeg     . . .     Spirit   .   a - +0 robe
rPois    .         Reflect  .   (helmet restricted)
rElec    .         Harm     .   (no cloak)
rCorr    .         Rampage  .   (no gloves)
Will     .....                  (boots unavailable)
Stlth    ++........             (no amulet)
HPRegen  0.11/turn              (no ring)
MPRegen  0.13/turn              (no ring)

@: flying quickly and evasively, quick
A: beak, talons 3, nimble flight
a: no special abilities


You were on level 4 of the Dungeon.
You visited 1 branch of the dungeon, and saw 4 of its levels.

You collected 115 gold pieces.

Inventory:

Hand Weapons
 b - a +0 short sword
 c - a +1 dagger of draining
 f - a +0 dagger of venom (weapon)
Armour
 a - a +0 robe (worn)
Jewellery
 m - a ring of poison resistance
Wands
 p - a wand of mindburst (9)
Scrolls
 e - 2 scrolls of enchant weapon {unknown}
 h - 2 scrolls of identify {unknown}
 j - a scroll of teleportation {unknown}
 k - 2 scrolls of immolation {unknown}
 l - 2 scrolls of enchant armour {unknown}
 n - a scroll of acquirement {unknown}
 r - a scroll of summoning {unknown}
 s - a scroll of blinking {unknown}
Potions
 d - a potion of haste {unknown}
 g - a potion of curing {unknown}
 i - 2 potions of lignification {unknown}
 o - a potion of cancellation {unknown}
 q - a potion of attraction {unknown}
 t - a potion of invisibility {unknown}


   Skills:
 + Level 1.2 Fighting
 + Level 3.1 Dodging
 + Level 3.3 Stealth
 + Level 3.6 Spellcasting
 + Level 7.3 Conjurations
 + Level 0.9 Hexes


You had 5 spell levels left.
You knew the following spells:

 Your Spells              Type           Power      Damage    Failure   Level
a - Magic Dart            Conj           100%       1d8       1%          1
b - Searing Ray           Conj           66%        3d5       1%          2
c - Fulminant Prism       Conj/Hex       10%        3d9       24%         4

Your spell library contained the following spells:

 Spells                   Type           Power      Damage    Failure   Level
 Dazzling Flash           Conj/Hex       40%        N/A       8%          3
 Corona                   Hex            7%         N/A       10%         1
 Ensorcelled Hibernation  Hex/Ice        10%        N/A       17%         2
 Confusing Touch          Hex            7%         N/A       28%         3
 Tukima's Dance           Hex            7%         N/A       28%         3
 Iskenderun's Mystic Bla  Conj/Tloc      18%        2d6       28%         4


Dungeon Overview and Level Annotations

Branches:
Dungeon (4/15)
 Temple: D:4-7

Altars:
Elyvilon
Hepliaklqana

Annotations:
D:4 Eustachio


Innate Abilities, Weirdness & Mutations

You have a beak for a mouth.
You have claws for feet.
Your magical nature lets you fly swiftly and evasively.


Message History

The searing ray hits the black bear!
You kill the black bear!
Your Fighting skill increases to level 1!
Your Dodging skill increases to level 3!
Unknown command.
You start resting.
Magic restored.
You start resting.
HP restored.
Unknown command.
You see here a black bear corpse.
Found 8 boomerangs.
Eustachio the Magnificent comes into view.
He is wielding a +1 rapier of distortion.
Eustachio shouts!
Eustachio mumbles some strange words.
Eustachio blinks!
Casting: Searing Ray (safe; 1% risk of failure)
Confirm with . or Enter, or press ? or * to list all spells.
Aiming: Searing Ray (safe; 1% risk of failure)
Press: ? - help, Shift-Dir - straight line, f - Eustachio
Aim: Eustachio, wielding a +1 rapier of distortion and wearing a +0 leather armour (73% to hit)
The searing ray hits Eustachio!
Eustachio is lightly wounded. (Press . to maintain the ray.)
The searing ray misses Eustachio.
Eustachio screams, "This atrocity can only be purified with blood!"
Eustachio hits you with a +1 rapier of distortion!
Space warps horribly around you!!
Ouch! That really hurt!
* * * LOW HITPOINT WARNING * * *
Unknown command.
The searing ray hits Eustachio.
Eustachio is moderately wounded.
Eustachio closely misses you.
Unknown command.
The searing ray hits Eustachio!
Eustachio is heavily wounded.
You finish channeling your searing ray.
Eustachio hits you with a +1 rapier of distortion!
You die...

#.#########.............##....
#.#########.............##....
...............#........##....
###.##.........#........#####.
#............#........### ##
###...................+.# #
##.....###...........#.####
#####.....## #@.....)....#.....
..........# #@........###..##.
.......@..# ###########.....###
.(#.#.#.#####......# #.##.(###
.....#.##.........# #.##.....
...........#.......####.##.####
...........#.##.........##.....
ยง##.#........##.###############
##.#.....#.###.####### #.#
...#.###.#.###.#.....# #.# ##


You could see Eustachio.

Vanquished Creatures
  A black bear (D:4)
  A bullfrog zombie (D:4)
  Ijyb (D:4)
  An iguana (D:4)
  3 hound skeletons (D:4)
  4 gnolls
  2 adders
  An ufetubus (D:3)
  An adder skeleton (D:4)
  A worm (D:4)
  3 dart slugs
  7 endoplasms
  2 giant cockroaches
  5 goblins
  4 hobgoblins
  7 jackals
  3 quokkas
  8 ball pythons
  4 bats
  3 frilled lizards (D:2)
  6 kobolds
68 creatures vanquished.

Notes
Turn   | Place    | Note
-------+----------+-------------------------------------------
     0 | D:1      | Zonian the Tengu Conjurer began the quest for the Orb.
     0 | D:1      | Reached XP level 1. HP: 10/10 MP: 4/4
   583 | D:1      | Reached XP level 2. HP: 14/14 MP: 1/6
   806 | D:1      | Reached skill level 6 in Conjurations
   874 | D:1      | Found a faded altar of an unknown god.
  1298 | D:2      | Reached XP level 3. HP: 19/19 MP: 4/7
  2163 | D:3      | Reached XP level 4. HP: 24/24 MP: 6/8
  2788 | D:3      | Found a hazy altar of Hepliaklqana.
  2878 | D:3      | Found a white marble altar of Elyvilon.
  3306 | D:4      | Noticed Ijyb
  3317 | D:4      | Killed Ijyb
  3318 | D:4      | Reached skill level 7 in Conjurations
  3318 | D:4      | Gained mutation: Your magical nature lets you fly swiftly
                  | and evasively. [Tengu growth]
  3318 | D:4      | Reached XP level 5. HP: 7/28 MP: 6/10
  3658 | D:4      | Learned a level 2 spell: Searing Ray
  3663 | D:4      | Learned a level 4 spell: Fulminant Prism
  4444 | D:4      | Reached XP level 6. HP: 33/33 MP: 7/12
  4716 | D:4      | Noticed a black bear
  4721 | D:4      | Killed a black bear
  4722 | D:4      | Reached skill level 1 in Fighting
  4829 | D:4      | Noticed Eustachio
  4849 | D:4      | Slain by Eustachio

Illustrated notes

Levels and vault maps discovered:
D:1:      minmay_arrival_widening_spiral_narrow, layout_basic,
          ebering_ecumenical_altar_hall, minmay_misc_feat_enclosed
D:2:      layout_basic
D:3:      layout_rooms, general_overflow_altar, nicolae_overflow_crystal_walls,
          minmay_misc_feat_chi
D:4:      layout_basic, uniq_eustachio, uniq_ijyb

Skill      XL: |  1  2  3  4  5  6 |
---------------+-------------------+-----
Conjurations   | 6 7 |  7.3
Spellcasting   | 3 |  3.6
Stealth        | 3 |  3.3
Fighting       | 1 |  1.2
Dodging        | 3 |  3.1
Hexes          | |  0.9

Action                   |  1- 3 |  4- 6 || total
-------------------------+-------+-------++-------
Melee: Short sword       |     4 |       ||     4
       Kick              |     2 |     1 ||     3
       Peck              |     1 |     3 ||     4
       Dagger            |     1 |    18 ||    19
 Cast: Magic Dart        |    58 |    93 ||   151
       Searing Ray       |       |     4 ||     4
Armor: Robe              |     1 |     1 ||     2
Dodge: Dodged            |     6 |    14 ||    20

Table legend: (Time is in decaauts)
 A = Elapsed time spent in this place.
 B = Non-inter-level travel time spent in this place.
 C = Inter-level travel time spent in this place.
 D = Time resting spent in this place.
 E = Time spent auto-exploring this place.
 F = Levels seen in this place.
 G = Mean time per level.
                   A        B        C        D        E       F      G
               +--------+--------+--------+--------+--------+-----+--------+
         Total |   4813 |   4709 |    104 |    978 |   3318 |   4 | 1203.2 |
       Dungeon |   4813 |   4709 |    104 |    978 |   3318 |   4 | 1203.2 |
               +--------+--------+--------+--------+--------+-----+--------+

Top non-repeatable levels by time:
     D:4: 1532 daAuts
     D:2: 1361 daAuts
     D:1: 1168 daAuts
     D:3: 750 daAuts
